 Seeded DCSS version 0.30.1-4-g462c640d31 (webtiles) character file.

Game seed: 6351066067085065685 (custom seed)

3675 Esekla the Thaumaturge (level 9, -5/45 HPs)
             Began as a Deep Elf Necromancer on Aug 19, 2023.
             Was an Elder of Vehumet.
             Killed from afar by a steam dragon (21 damage)
             ... with a ball of steam
             ... on level 8 of the Dungeon.
             The game lasted 00:40:47 (6317 turns).

Esekla the Thaumaturge (Deep Elf Necromancer)       Turns: 6317, Time: 00:40:48

Health: -5/45      AC:  5    Str:  5    XL:     9   Next: 89%
Magic:  20/24      EV: 14    Int: 25    God:    Vehumet [****..]
Gold:   520        SH:  4    Dex: 15    Spells: 12/27 levels left

rFire   . . .        a - +4 scimitar
rCold   . . .        H - +0 buckler
rNeg    . . .        p - +0 robe
rPois   .            h - +0 helmet
rElec   .            F - +0 cloak
rCorr   .            k - +0 pair of gloves
SInv    .            (no boots)
Will    .....        B - amulet of magic regeneration
Stlth   +++          (no ring)
HPRegen 0.27/turn    (no ring)
MPRegen 0.59/turn

%: no passive effects
@: freezing walls
A: no striking features
a: Renounce Religion


You were on level 8 of the Dungeon.
You worshipped Vehumet.
Vehumet was greatly pleased with you.
You visited 1 branch of the dungeon, and saw 8 of its levels.

You collected 520 gold pieces.

Inventory:

Hand Weapons
 a - a +4 scimitar (weapon)
 r - a +4 trident of venom
 s - the +5 rapier of the Hero {heavy, rN+ Dex+3}
   (You found it on level 3 of the Dungeon)

   Dex:       It affects your dexterity (+3).
   rN:        It protects you from negative energy.
Missiles
 t - 27 poisoned darts (quivered)
 I - 5 curare-tipped darts
Armour
 h - a +0 helmet (worn)
 k - a +0 pair of gloves (worn)
 p - a +0 robe (worn)
 F - a +0 cloak (worn)
 H - a +0 buckler (worn)
Jewellery
 B - an amulet of magic regeneration (around neck)
Wands
 D - a wand of flame (14)
 G - a wand of roots (16)
 K - a wand of mindburst (8)
Scrolls
 c - 3 scrolls of noise {unknown}
 e - 3 scrolls of fear {unknown}
 g - 2 scrolls of identify
 m - a scroll of enchant armour {unknown}
 n - 2 scrolls of amnesia {unknown}
 o - a scroll of immolation {unknown}
 q - 5 scrolls of blinking {unknown}
 v - 2 scrolls of fog {unknown}
 x - 3 scrolls of enchant weapon {unknown}
 y - a scroll of summoning
 z - a scroll of silence {unknown}
 A - a scroll of magic mapping
 E - 2 scrolls of teleportation {unknown}
 J - 2 scrolls of poison {unknown}
 L - a scroll of torment {unknown}
Potions
 b - a potion of magic
 d - 3 potions of ambrosia {unknown}
 f - 2 potions of haste
 i - a potion of mutation
 j - 6 potions of curing
 l - 6 potions of attraction {unknown}
 u - 3 potions of brilliance {unknown}
 w - 2 potions of heal wounds
 C - a potion of lignification


   Skills:
 + Level 3.1(3.2) Short Blades
 + Level 0.4(1.8) Long Blades
 + Level 2.8 Throwing
 * Level 6.3 Dodging
 + Level 6.1 Stealth
 * Level 1.4 Shields
 * Level 9.8 Spellcasting
 * Level 4.4 Conjurations
 * Level 8.8 Necromancy
 + Level 5.0 Translocations
 * Level 0.9 Ice Magic
 + Level 0.4 Evocations


You had 12 spell levels left.
You knew the following spells:

 Your Spells              Type           Power      Damage    Failure   Level
a - Necrotise             Necr           100%       1d9       1%          1
b - Kiss of Death         Conj/Necr      100%       2d13      1%          1
c - Momentum Strike       Conj/Tloc      72%        3d10      1%          2
d - Vampiric Draining     Necr           54%        2d9       1%          3
e - Searing Ray           Conj           68%        2d6       1%          2
r - Frozen Ramparts       Ice            32%        1d5       5%          3
t - Teleport Other        Tloc           37%        N/A       3%          3

Your spell library contained the following spells:

 Spells                   Type           Power      Damage    Failure   Level
 Lesser Beckoning         Tloc           74%        N/A       1%          2
 Animate Dead             Necr           54%        N/A       2%          4
 Gell's Gravitas          Tloc           37%        N/A       3%          3
 Agony                    Necr           54%        N/A       7%          5
 Spider Form              Tmut/Pois      12%        N/A       26%         3
 Cause Fear               Hex            6%         N/A       65%         4
 Summon Mana Viper        Hex/Summ       12%        N/A       94%         5


Dungeon Overview and Level Annotations

Branches:
Dungeon (8/15)             Temple (0/1) D:6
   Lair: D:8-11

Altars:
Dithmenos
Fedhas
Hepliaklqana
Okawaru
Qazlal
Trog
Vehumet
Zin
The Shining One

Shops:
D:2 =   D:4 (


Message History

Things that are here:
a +0 flail; a +0 leather armour A steam dragon and a gnoll come into view.
Casting: Searing Ray (safe; 1% risk of failure)
Confirm with . or Enter, or press ? or * to list all spells.
Casting: Frozen Ramparts (dangerous; 5% risk of failure)
Press: ? - help, Dir - look around, f - activate You can't see that place.
The walls around you are covered in ice.
The gnoll shouts!
The wall freezes the steam dragon but does no damage.
You slash the steam dragon!
The steam dragon is moderately wounded.
The wall freezes the gnoll but does no damage.
The wall freezes the steam dragon but does no damage.
The steam dragon breathes steam at you. The ball of steam misses you.
You hear a shout!
You hit the steam dragon but do no damage.
The steam dragon is moderately wounded.
You are engulfed in a cloud of scalding steam.
The wall freezes the steam dragon but does no damage.
The steam dragon bites you! The steam dragon claws you.
The wall freezes the gnoll.
The gnoll closely misses you.
A gnoll comes into view. It is wielding a +0 club.
The wall freezes the steam dragon but does no damage.
The steam dragon bites you. The steam dragon claws you.
The wall freezes the gnoll.
The gnoll closely misses you.
Casting: Frozen Ramparts (dangerous; 5% risk of failure)
Confirm with . or Enter, or press ? or * to list all spells.
Aiming: Vampiric Draining (safe; 1% risk of failure)
Press: ? - help, Shift-Dir - straight line, f - steam dragon
Aim: a steam dragon (moderately wounded)
You draw life force from the steam dragon!
You feel life coursing into your body.
You are engulfed in a cloud of scalding steam.
The wall freezes the steam dragon but does no damage.
The steam dragon breathes steam at you. The ball of steam hits you!!
You die...

. #.# .# #####)##)# #.#
#..# #.# .# ##
#)##.###.####..# ... ##.#
..##...)....##....# .##
...####.#####)#.####.##.#
#..#....#.....#.......#.#
#..#.#..#..)....####..#.#
#<...#..#..####.# ##..#..
.......g..?#..D..#
#.###...###
.o.......#..?.@..#
#......####
oo.......###!g##.#
####....... ...####<##
#.....# #.....##### ..
... #.#.### #.#.### # ###
#. .. #...# #> ##. #####
.. .. #. #. #. .#


You could see a steam dragon (catching breath) and 2 gnolls.

Vanquished Creatures
  Pikel (D:6)
  Joseph (D:7)
  A wyvern (D:7)
  Menkaure (D:7)
  An ice beast (D:6)
  A sky beast (D:6)
  2 black bears
  2 ogres
  A centaur (D:7)
  A phantom (D:7)
  Blork the orc (D:6)
  2 kobold brigands
  2 gnoll sergeants
  A bullfrog (D:7)
  2 scorpions (D:5)
  3 wights (D:7)
  2 quasits (D:8)
  2 gnoll boudas
  6 hounds
  A jelly (D:6)
  Crazy Yiuf (D:7)
  4 orc priests (D:8)
  A sleepcap (D:5)
  5 iguanas
  4 orc wizards
  22 gnolls
  9 adders
  3 shadow imps (D:8)
  5 white imps
  3 ufetubi
  A worm (D:4)
  3 dart slugs
  30 orcs
  6 ball pythons
  4 endoplasms
  8 goblins
  5 hobgoblins
  A quokka (D:1)
  4 bats
  4 frilled lizards
  14 kobolds
  A rat (D:2)
172 creatures vanquished.

Notes
Turn   | Place    | Note
-------+----------+-------------------------------------------
     0 | D:1      | Esekla the Deep Elf Necromancer began the quest for the
                  | Orb.
     0 | D:1      | Reached XP level 1. HP: 10/10 MP: 6/6
   247 | D:2      | Found Renulab's Jewellery Shop.
   524 | D:4      | Found an iron altar of Okawaru.
   536 | D:4      | Found a glowing silver altar of Zin.
   605 | D:4      | Found a radiant altar of Vehumet.
   609 | D:4      | Became a worshipper of Vehumet
   734 | D:3      | Reached skill level 5 in Necromancy
   781 | D:3      | Reached XP level 2. HP: 15/15 MP: 8/8
  1076 | D:3      | Identified the +5 rapier of the Hero {heavy, rN+ Dex+3}
  1199 | D:2      | Found a faded altar of an unknown god.
  1215 | D:2      | Reached skill level 1 in Short Blades
  1215 | D:2      | Reached XP level 3. HP: 10/19 MP: 9/9
  1219 | D:2      | Learned a level 3 spell: Vampiric Draining
  1458 | D:1      | Reached * piety under Vehumet
  1458 | D:1      | Offered knowledge of Kiss of Death by Vehumet.
  1461 | D:1      | Learned a level 1 spell: Kiss of Death
  1508 | D:1      | Reached XP level 4. HP: 24/24 MP: 5/11
  1731 | D:1      | Learned a level 3 spell: Teleport Other
  1788 | D:2      | Noticed a black bear
  1802 | D:2      | Killed a black bear
  1803 | D:2      | Reached XP level 5. HP: 28/28 MP: 8/12
  1835 | D:2      | Reached skill level 1 in Translocations
  2033 | D:2      | Reached skill level 4 in Spellcasting
  2345 | D:3      | Found a stormy altar of Qazlal.
  2413 | D:3      | Found a hazy altar of Hepliaklqana.
  2415 | D:3      | Found a bloodstained altar of Trog.
  2520 | D:4      | Found Ponaysk's Antique Weapon Boutique.
  2670 | D:4      | Reached skill level 1 in Throwing
  2681 | D:4      | Reached XP level 6. HP: 32/32 MP: 10/14
  2779 | D:4      | Found a glowing golden altar of the Shining One.
  2962 | D:4      | Offered knowledge of Searing Ray by Vehumet.
  2966 | D:4      | Learned a level 2 spell: Searing Ray
  3024 | D:4      | Reached ** piety under Vehumet
  3025 | D:4      | Reached skill level 5 in Spellcasting
  3145 | D:5      | Entered Level 5 of the Dungeon
  3153 | D:5      | Got the Parchment of the Lumpy Olives
  3169 | D:5      | Found a shadowy altar of Dithmenos.
  3245 | D:5      | Reached skill level 1 in Conjurations
  3245 | D:5      | Reached XP level 7. HP: 36/36 MP: 17/17
  4010 | D:6      | Reached skill level 6 in Spellcasting
  4051 | D:6      | Found a blossoming altar of Fedhas.
  4073 | D:6      | Reached skill level 5 in Stealth
  4075 | D:6      | Reached XP level 8. HP: 39/41 MP: 10/19
  4184 | D:6      | Reached skill level 5 in Dodging
  4212 | D:6      | Found a staircase to the Ecumenical Temple.
  4502 | D:6      | Noticed Blork the orc
  4585 | D:6      | Noticed Pikel
  4613 | D:6      | Killed Pikel
  4614 | D:6      | Reached skill level 7 in Spellcasting
  4663 | D:6      | Offered knowledge of Momentum Strike by Vehumet.
  4675 | D:6      | Learned a level 2 spell: Momentum Strike
  4708 | D:7      | Found a runed translucent door.
  4709 | D:7      | Noticed Crazy Yiuf
  4718 | D:7      | Killed Crazy Yiuf
  4833 | D:6      | Killed Blork the orc
  4948 | D:7      | Reached skill level 8 in Spellcasting
  4948 | D:7      | Reached XP level 9. HP: 45/45 MP: 21/23
  5286 | D:7      | Noticed Joseph
  5393 | D:7      | Killed Joseph
  5394 | D:7      | Reached skill level 1 in Shields
  5394 | D:7      | Reached skill level 9 in Spellcasting
  5461 | D:7      | Noticed Menkaure
  5470 | D:7      | Killed Menkaure
  5552 | D:7      | Reached *** piety under Vehumet
  5729 | D:8      | Noticed a two-headed ogre
  5950 | D:8      | Reached skill level 5 in Translocations
  5986 | D:8      | Offered knowledge of Frozen Ramparts by Vehumet.
  5991 | D:8      | Learned a level 3 spell: Frozen Ramparts
  6300 | D:8      | Reached **** piety under Vehumet
  6317 | D:8      | Killed from afar by a steam dragon

Illustrated notes

Levels and vault maps discovered:
D:1:      sevenhm_arrival_forest_fort_small_3, layout_rooms,
          chequers_serial_rivers_room_b, minmay_misc_feat_five
D:2:      layout_loops_ring, dreamdust_ecumenical_altar_angels_and_demons,
          serial_shops, shop
D:3:      layout_basic, grunt_temple_overflow_open, minmay_misc_feat_iff
D:4:      layout_basic, nicolae_overflow_quartered_altars, serial_shops,
          nicolae_diamond_shop
D:5:      layout_loops_ring, lemuel_doored_altar, minmay_misc_feat_rows,
          dreamdust_wishing_well
D:6:      layout_loops_cross, fedhas_altar_fruit_tree,
          minmay_temple_entry_glass, uniq_pikel, uniq_blork_the_orc
D:7:      layout_basic, uniq_menkaure, uniq_joseph, uniq_crazy_yiuf_cottage
D:8:      layout_basic, nicolae_uskayaw_dance_hall, serial_demonic,
          serial_demonic_d, serial_demonic_a, serial_demonic_c,
          serial_demonic_c, nicolae_diode_quadrants

Skill      XL: |  1  2  3  4  5  6  7  8  9 |
---------------+----------------------------+-----
Necromancy     | 5 6 7 8 |  8.8
Dodging        | 3 4 5 6 |  6.3
Short Blades   | 1 2 3 |  3.1
Stealth        | 3 4 5 6 |  6.1
Translocations | 1 2 3 4 5 |  5.0
Spellcasting   | 4 5 6 8 9 |  9.8
Throwing       | 1 2 |  2.8
Conjurations   | 1 2 3 4 |  4.4
Shields        | 1 |  1.4
Long Blades    | |  0.4
Ice Magic      | |  0.9
Evocations     | |  0.4

Action                     |  1- 3 |  4- 6 |  7- 9 || total
---------------------------+-------+-------+-------++-------
  Melee: Short sword       |    36 |       |       ||    36
         Unarmed           |     9 |       |       ||     9
         Rapier            |     9 |       |    10 ||    19
         Dagger            |    23 |   119 |    95 ||   237
         Punch             |       |     3 |     3 ||     6
         Scimitar          |       |       |    19 ||    19
  Throw: Dart              |       |    21 |    23 ||    44
   Cast: Vampiric Draining |     3 |    22 |    34 ||    59
         Searing Ray       |       |     2 |    44 ||    46
         Teleport Other    |       |       |     3 ||     3
         Frozen Ramparts   |       |       |     1 ||     1
  Evoke: Wand              |       |       |     7 ||     7
    Use: Scroll            |       |       |     6 ||     6
         Potion            |       |       |     1 ||     1
   Stab: Sleeping          |     6 |     5 |    16 ||    27
         Distracted        |     1 |       |       ||     1
 Armour: Robe              |    17 |    15 |    41 ||    73
  Dodge: Dodged            |    43 |    48 |   127 ||   218
  Block: Buckler           |       |       |     1 ||     1
